 Dungeon Crawl Stone Soup version 0.23.2-1-ga50397a (webtiles) character file.

Game seed: 5117966632262449926

10473 Fang the Fighter (level 11, -1/73 HPs)
             Began as a Gargoyle Berserker on Apr 25, 2019.
             Was a High Priest of Trog.
             Slain by a killer bee (2 damage)
             ... on level 11 of the Dungeon on Apr 26, 2019.
             The game lasted 00:11:54 (11821 turns).

Fang the Fighter (Gargoyle Berserker)              Turns: 11821, Time: 00:11:54

Health: -1/73      AC: 23    Str: 25    XL:     11   Next: 62%
Magic:  3/3        EV: 10    Int:  7    God:    Trog [*****.]
Gold:   402        SH:  0    Dex:  9    Spells: 10/10 levels left

rFire    . . .     SeeInvis +   F - +5 executioner's axe (antimagic)
rCold    . . .     Gourm    .   (shield currently unavailable)
rNeg     + . .     Faith    .   b - +1 plate armour {MR+}
rPois    ∞         Spirit   .   (no helmet)
rElec    +         Reflect  .   (no cloak)
rCorr    .         Harm     .   (no gloves)
MR       ++...                  (no boots)
Stlth    ..........             k - amulet of the acrobat
HPRegen  0.22/turn              B - ring of protection from magic
MPRegen  0.08/turn              w - ring of see invisible

@: no status effects
A: negative energy resistance 1, electricity resistance, unbreathing,
petrification resistance, rot immunity, AC +8
a: Berserk, Trog's Hand, Brothers in Arms, Renounce Religion


You were on level 11 of the Dungeon.
You worshipped Trog.
Trog was extremely pleased with you.
You were near starving.

You visited 2 branches of the dungeon, and saw 12 of its levels.

You collected 402 gold pieces.

Inventory:

Hand Weapons
 a - a +5 battleaxe
 p - a +0 war axe
 F - a +5 antimagic executioner's axe (weapon)
Armour
 b - a +1 plate armour of magic resistance (worn)
Jewellery
 j - an uncursed ring of flight
 k - an amulet of the acrobat (around neck)
 w - a ring of see invisible (right hand)
 B - a ring of protection from magic (left hand)
 D - a +2 ring of evasion {unknown}
 H - an uncursed ring of protection from magic
Wands
 h - a wand of acid (8)
 l - a wand of digging (13)
 o - a wand of random effects (10)
 x - a wand of disintegration (11)
 y - a wand of enslavement (9)
 E - a wand of iceblast (9)
Scrolls
 d - 4 scrolls of blinking
 e - 5 scrolls of teleportation
 q - a scroll of fog
 u - 4 scrolls of remove curse
 C - a scroll of enchant weapon
Potions
 f - 2 potions of mutation {unknown}
 g - 3 potions of magic
 i - a potion of degeneration {unknown}
 m - 4 potions of agility
 n - 5 potions of curing {unknown}
 r - 2 potions of berserk rage
 s - 4 potions of haste
 t - 5 potions of might
 v - 2 potions of heal wounds
 z - a potion of resistance
 A - a potion of invisibility
Comestibles
 c - 16 rations
 G - 2 chunks of flesh


   Skills:
 + Level 10.4 Fighting
 + Level 8.8 Axes
 + Level 10.1 Armour
 + Level 7.7 Dodging


You had 10 spell levels left.
You didn't know any spells.
Your spell library was empty.

Dungeon Overview and Level Annotations

Branches:
Dungeon (11/15)            Temple (1/1) D:7            Lair (0/6) D:8
    Orc (0/2) D:9

Altars:
Elyvilon
Fedhas
Gozag
Hepliaklqana
Kikubaaqudgha
Okawaru
Uskayaw
Vehumet

Shops:
D:9 *:

Annotations:
D:11 1 runed translucent door


Innate Abilities, Weirdness & Mutations

You are resistant to torment.
Your stone body is resilient. (AC +8)
You are immune to poison.
You resist negative energy. (rN+)
You are resistant to electric shocks. (rElec)
You can survive without breathing.
You are immune to petrification.
You are immune to rotting.


Message History

The killer bee stings you.
* * * LOW HITPOINT WARNING * * *
The killer bee closely misses you. x2; The killer bee barely misses you.
You slash the killer bee!
The killer bee is heavily wounded.
Your plate armour prevents you from hitting the killer bee.
You barely miss the killer bee. You miss the killer bee.
You recover from your berserk rage.
The killer bee stings you but does no damage.
The killer bee stings you.
* * * LOW HITPOINT WARNING * * *
The killer bee barely misses you. The killer bee stings you.
* * * LOW HITPOINT WARNING * * *
The killer bee barely misses you. The killer bee stings you.
* * * LOW HITPOINT WARNING * * *
The killer bee barely misses you. x2; The killer bee stings you.
* * * LOW HITPOINT WARNING * * *
The killer bee misses you. The killer bee completely misses you.
The killer bee stings you.
You die...

...........# #..#
...........# #..# ..#
...........## #..# #..#
............## #..# #..#
........###..## #..# #..#
.......##A##..## #..#
#..# ......#
#.###..####..#######..#
....#
##.####................#
...
.._..>#y@y.............#
##.+###yy#####..#####..#
#. ##.y## #..# #..#
##†.## #..# #..# #.†.#
#..# #..#
......†††.....(..#####..#
..........y...(.........#
####..####.####.....^...#
#.. .# ########..#


You could see 5 killer bees.

Vanquished Creatures
  The ghost of adibis the Spear-Bearer, a novice MfSk of Okawaru (D:8)
  The ghost of icantfindaname the Reanimator, a novice DsNe of Sif Muna (D:8)
  An ugly thing (D:11)
  A queen bee (D:11)
  A troll (D:9)
  2 hornets (D:9)
  3 hippogriffs
  2 hungry ghosts
  A water moccasin (D:7)
  2 porcupines (D:8)
  4 orc warriors
  2 sky beasts (D:7)
  4 phantoms
  4 ogres
  2 black bears
  3 ice beasts
  4 necrophages (D:7)
  A centaur (D:8)
  2 crocodiles
  6 bullfrogs
  A gnoll sergeant (D:7)
  2 scorpions
  A water moccasin skeleton (D:7)
  22 wights
  23 killer bees
  A howler monkey (D:8)
  3 bullfrog zombies
  4 crimson imps
  5 hounds
  6 jellies
  A bullfrog skeleton (D:7)
  7 orc priests
  4 iguanas
  10 orc wizards
  7 worker ants
  A killer bee zombie (D:8)
  2 hound zombies
  4 hound skeletons
  Robin (D:4)
  13 adders
  12 gnolls
  5 shadow imps
  11 oozes
  An adder skeleton (D:9)
  An adder zombie (D:9)
  2 worms
  2 dart slugs
  8 leopard geckos
  44 orcs
  7 bats
  11 giant cockroaches
  19 goblins
  10 hobgoblins
  12 jackals
  6 quokkas
  2 ball pythons
  4 frilled lizards
  2 kobolds
  A leopard gecko zombie (D:7)
  10 rats
  3 fungi (D:8)
  2 plants (D:8)
340 creatures vanquished.

Vanquished Creatures (collateral kills)
  The ghost of Malificent the Basher, a novice GrMo of Okawaru (D:8)
1 creature vanquished.

Grand Total: 341 creatures vanquished

Notes
Turn   | Place    | Note
-------+----------+-------------------------------------------
     0 | D:1      | Fang the Gargoyle Berserker began the quest for the Orb.
     0 | D:1      | Reached XP level 1. HP: 14/14 MP: 1/1
     1 | D:1      | Found a runed translucent door.
    13 | D:1      | Reached XP level 2. HP: 19/19 MP: 2/2
    28 | D:1      | Reached XP level 3. HP: 21/23 MP: 3/3
   715 | D:1      | Reached ** piety under Trog
   756 | D:1      | Reached XP level 4. HP: 29/29 MP: 4/4
  1725 | D:2      | Reached XP level 5. HP: 13/33 MP: 5/5
  2957 | D:3      | Reached *** piety under Trog
  2966 | D:3      | Found a radiant altar of Vehumet.
  3059 | D:3      | Reached XP level 6. HP: 38/39 MP: 6/6
  3248 | D:3      | Found a blossoming altar of Fedhas.
  3250 | D:3      | Found a hazy altar of Hepliaklqana.
  3353 | D:3      | Found an ancient bone altar of Kikubaaqudgha.
  3498 | D:4      | Noticed Robin
  3517 | D:4      | Killed Robin
  3854 | D:4      | Reached skill level 5 in Fighting
  3918 | D:4      | Found an iron altar of Okawaru.
  4084 | D:4      | Noticed a phantom
  4122 | D:4      | Killed a phantom
  4122 | D:4      | Reached XP level 7. HP: 35/44 MP: 7/7
  4914 | D:5      | Entered Level 5 of the Dungeon
  4955 | D:5      | Found a hide-covered altar of Uskayaw.
  5056 | D:5      | Reached skill level 5 in Armour
  5529 | D:6      | Reached XP level 8. HP: 50/51 MP: 8/8
  5653 | D:6      | Found an opulent altar of Gozag.
  5681 | D:6      | Reached skill level 5 in Axes
  6561 | D:6      | Found a white marble altar of Elyvilon.
  7163 | D:6      | Reached XP level 9. HP: 46/57 MP: 9/9
  7270 | D:7      | Reached skill level 5 in Dodging
  7922 | D:7      | Reached **** piety under Trog
  8158 | D:7      | Found an iron altar of Okawaru.
  8167 | D:7      | Reached XP level 10. HP: 64/64 MP: 10/10
  8477 | D:7      | Found a staircase to the Ecumenical Temple.
  8499 | Temple   | Entered the Ecumenical Temple
  8977 | D:8      | Found a runed translucent gate.
  8977 | D:8      | Found a runed translucent gate.
  8977 | D:8      | Found a runed translucent gate.
  8978 | D:8      | Noticed adibis's ghost (novice MfSk)
  8979 | D:8      | Noticed icantfindaname's ghost (novice DsNe)
  8979 | D:8      | Noticed Malificent's ghost (novice GrMo)
  9340 | D:8      | Found a staircase to the Lair.
  9648 | D:8      | Killed adibis's ghost
  9649 | D:8      | Killed icantfindaname's ghost
  9661 | D:8      | Killed Malificent's ghost
  9928 | D:9      | Found a staircase to the Orcish Mines.
  9942 | D:9      | Reached XP level 11. HP: 54/72 MP: 11/11
 10393 | D:9      | Reached ***** piety under Trog
 10543 | D:9      | Found Huagg's Assorted Antiques.
 10767 | D:9      | Found Irigh's Book Boutique.
 10780 | D:9      | Reached skill level 10 in Fighting
 10934 | D:10     | Entered Level 10 of the Dungeon
 11643 | D:11     | Received a gift from Trog
 11765 | D:11     | Found a white marble altar of Elyvilon.
 11766 | D:11     | Noticed an angel
 11773 | D:11     | Found a runed translucent door.
 11778 | D:11     | Noticed a green ugly thing
 11785 | D:11     | Killed a green ugly thing
 11785 | D:11     | Reached skill level 10 in Armour
 11821 | D:11     | HP: 1/73 [killer bee (5)]
 11821 | D:11     | Slain by a killer bee

Skill      XL: |  1  2  3  4  5  6  7  8  9 10 11 |
---------------+----------------------------------+-----
Axes           | 3 4 5 6 8 |  8.8
Dodging        | 2 3 4 5 7 |  7.7
Armour         | 3 4 5 6 7 9 10 | 10.1
Fighting       | 4 5 7 8 9 10 | 10.4

Action                   |  1- 3 |  4- 6 |  7- 9 | 10-12 || total
-------------------------+-------+-------+-------+-------++-------
Melee: Hand axe          |    80 |   360 |    89 |       ||   529
       Battleaxe         |       |       |   292 |   351 ||   643
       Executioner's axe |       |       |       |    62 ||    62
Invok: Berserk           |     1 |     2 |     6 |     3 ||    12
       Trog's Hand       |       |       |       |     3 ||     3
       Brothers in Arms  |       |       |       |     1 ||     1
  Use: Scroll            |       |    12 |     6 |     4 ||    22
       Potion            |       |       |       |     1 ||     1
  Eat: Chunk             |       |    14 |    12 |    13 ||    39
       Ration            |       |       |     2 |     2 ||     4
Armor: Animal skin       |    32 |    67 |       |       ||    99
       Chain mail        |       |   133 |   124 |       ||   257
       Plate armour      |       |       |   193 |   460 ||   653
Dodge: Dodged            |    64 |   221 |   287 |   460 ||  1032
